 Dungeon Crawl Stone Soup version 0.30.1-9-gdf580d7c3d (webtiles) character file.

Game seed: 16953424892314904636

525266 Amplified the Unforgettable (level 24, -17/208 HPs)
             Began as a Red Draconian Fighter on Sept 30, 2023.
             Was the Champion of Hepliaklqana.
             Demolished by a green draconian monk (18 damage)
             ... led by a purple draconian shifter
             ... on level 1 of the Realm of Zot on Oct 4, 2023.
             The game lasted 02:21:01 (67470 turns).

Amplified the Unforgettable (DrFi)                 Turns: 67470, Time: 02:21:02

Health: -17/208    AC: 14    Str: 32    XL:     24   Next: 24%
Magic:  31/31      EV: 25    Int:  8    God:    Hepliaklqana [******]
Gold:   2314       SH: 20    Dex: 30    Spells: 40/50 levels left

rFire   + + +        r - +11 Singing Sword {sonic wave}
rCold   + . .        S - +3 kite shield "Tunlaiss" {rPois SInv Stlth+}
rNeg    + + .        (body armour unavailable)
rPois   +            N - +2 hat "Kotoh" {rN+ Int+2}
rElec   .            F - scarf {repulsion}
rCorr   .            X - +1 pair of gloves {Dex+3}
SInv    +            y - +1 pair of boots {Fly}
Will    ++...        Q - amulet of Vitality {RegenMP++ Regen++}
Stlth   ++++++       P - ring "Pasma" {rC+ rN+ MP-9 Str+8 Dex+3}
HPRegen 2.14/turn    D - ring of Tender Moments {rPois rF+++ Will+ Int-4 Dex+6}
MPRegen 1.02/turn

%: repel missiles
@: mighty, lethally poisoned (-17 -> -18), corroded, flying, studying Maces &
Flails
A: reduced essence, breathe fire, AC +12, unfitting armour, fire resistance 1,
cold-blooded, sense surroundings 1, strong 1
}: 3/15 runes: serpentine, barnacled, abyssal
a: Breathe Fire, Renounce Religion, Recall Ancestor, Ancestor Identity,
Transference, Idealise


You were on level 1 of the Realm of Zot.
You worshipped Hepliaklqana.
Hepliaklqana was exalted by your worship.
You visited 11 branches of the dungeon, and saw 46 of its levels.
You visited the Abyss 3 times.
You also visited: Ice Cave.

You collected 7030 gold pieces.
You spent 4716 gold pieces at shops.

Inventory:

Hand Weapons
 h - a +9 double sword of holy wrath
 r - the +11 Singing Sword (weapon) {sonic wave}
   (You took it off a deep elf demonologist on level 3 of the Elven Halls)
 z - a +6 demon blade of flaming
Armour
 y - a +1 pair of boots of flying (worn)
 F - a scarf of repulsion (worn)
 N - the +2 hat "Kotoh" (worn) {rN+ Int+2}
   (You acquired it on level 15 of the Dungeon)

   Int:       It affects your intelligence (+2).
   rN:        It protects you from negative energy.
 S - the +3 kite shield "Tunlaiss" (worn) {rPois SInv Stlth+}
   (You acquired it on level 3 of the Vaults)

   rPois:     It protects you from poison.
   SInv:      It lets you see invisible.
   Stlth:     It makes you more stealthy.
 X - a +1 pair of gloves of dexterity (worn)
Jewellery
 c - the ring "Oclaluv" {rPois Str+6 Dex+2}
   (You took it off a deep elf master archer on level 3 of the Elven Halls)

   [ring of poison resistance]

   Str:       It affects your strength (+6).
   Dex:       It affects your dexterity (+2).
   rPois:     It protects you from poison.
 n - the ring "Anaclec" {*Slow rElec rPois rF+++ rCorr}
   (You took it off a yaktaur on level 13 of the Dungeon)

   [ring of resist corrosion]

   rF:        It renders you almost immune to fire.
   rElec:     It insulates you from electricity.
   rPois:     It protects you from poison.
   rCorr:     It protects you from acid and corrosion.
   *Slow:     It may slow you when you take damage.
 w - the ring "Weteux" {rElec Will+ Dex+4}
   (You took it off a deep elf blademaster on level 3 of the Elven Halls)

   [ring of willpower]

   Dex:       It affects your dexterity (+4).
   rElec:     It insulates you from electricity.
   Will:      It increases your willpower.
 B - the ring "Diyts" {rElec rC+ MP+9}
   (You bought it in a shop on level 2 of the Orcish Mines)

   [ring of magical power]

   rC:        It protects you from cold.
   rElec:     It insulates you from electricity.
   MP:        It affects your magic capacity (+9).
 D - the ring of Tender Moments (right hand) {rPois rF+++ Will+ Int-4 Dex+6}
   (You bought it in a shop on level 2 of the Shoals)

   [ring of dexterity]

   Int:       It affects your intelligence (-4).
   Dex:       It affects your dexterity (+6).
   rF:        It renders you almost immune to fire.
   rPois:     It protects you from poison.
   Will:      It increases your willpower.
 J - the dreamshard necklace {*Dream Drain}
   (You found it on level 3 of the Crypt)

   [amulet of nothing]

   *Dream:    It shatters if its wearer takes lethal or near-lethal damage,
   preventing the blow and releasing protective dreams that heal and fight for
   the wearer.
   Drain:     It drains your maximum health when unequipped.
 M - the amulet "Vueneof" {rPois Regen+ Str+3}
   (You found it on level 3 of the Crypt)

   [amulet of regeneration]

   Str:       It affects your strength (+3).
   rPois:     It protects you from poison.
   Regen:     It increases your rate of health regeneration.
 P - the ring "Pasma" (left hand) {rC+ rN+ MP-9 Str+8 Dex+3}
   (You took it off an ancient champion on level 3 of the Crypt)

   [ring of positive energy]

   Str:       It affects your strength (+8).
   Dex:       It affects your dexterity (+3).
   rC:        It protects you from cold.
   rN:        It protects you from negative energy.
   MP:        It affects your magic capacity (-9).
 Q - the amulet of Vitality (around neck) {RegenMP++ Regen++}
   (You found it on level 3 of the Elven Halls)

   [amulet of magic regeneration]

   It increases your rate of magic regeneration.
   Regen:     It increases your rate of health regeneration.
 Y - the ring "Diehaz" {rElec rPois rCorr}
   (You acquired it on level 3 of the Vaults)

   [ring of poison resistance]

   rElec:     It insulates you from electricity.
   rPois:     It protects you from poison.
   rCorr:     It protects you from acid and corrosion.
Wands
 l - a wand of iceblast (35)
 q - a wand of polymorph (12)
 v - a wand of quicksilver (10)
 x - a wand of flame (53)
 C - a wand of mindburst (19)
 T - a wand of paralysis (38)
Scrolls
 f - 13 scrolls of immolation
 k - 2 scrolls of teleportation
 o - 6 scrolls of vulnerability
 s - 9 scrolls of amnesia
 u - a scroll of fear
 G - a scroll of silence
 I - 2 scrolls of butterflies
 K - 30 scrolls of identify
 O - 4 scrolls of poison
Potions
 a - 6 potions of curing
 b - 4 potions of cancellation
 d - 4 potions of attraction
 e - 10 potions of mutation
 g - 7 potions of brilliance
 i - 10 potions of flight
 t - 4 potions of magic
 L - 3 potions of resistance
 W - 2 potions of lignification
Miscellaneous
 E - a lightning rod (4/4)
 H - a phantom mirror


   Skills:
 - Level 22.2 Fighting
 - Level 16.0 Long Blades
 - Level 2.6 Axes
 - Level 12.3 Dodging
 - Level 9.8 Stealth
 - Level 15.5 Shields
 - Level 13.8 Spellcasting
 - Level 5.9 Necromancy
 - Level 7.2 Ice Magic
 - Level 8.4 Earth Magic
 * Level 25.4 Invocations


You had 40 spell levels left.
You knew the following spells:

 Your Spells              Type           Power      Damage    Failure   Level
a - Ozocubu's Armour      Ice            17%        N/A       2%          3
b - Apportation           Tloc           10%        N/A       14%         1
c - Passwall              Tmut/Erth      10%        N/A       3%          2
d - Dispel Undead         Necr           15%        3d10      12%         4

Your spell library contained the following spells:

 Spells                   Type           Power      Damage    Failure   Level
 Freeze                   Ice            68%        1d8       1%          1
 Necrotise                Necr           60%        1d7       1%          1
 Sublimation of Blood     Necr           15%        N/A       1%          2
 Frozen Ramparts          Ice            34%        1d6       2%          3
 Vampiric Draining        Necr           15%        2d7       3%          3
 Kiss of Death            Conj/Necr      40%        2d8       4%          1
 Ensorcelled Hibernation  Hex/Ice        22%        N/A       4%          2
 Stone Arrow              Conj/Erth      24%        3d8       8%          3
 Hailstorm                Conj/Ice       11%        3d5       10%         3
 Animate Dead             Necr           15%        N/A       12%         4
 Foxfire                  Conj/Fire      20%        2x1d5     14%         1
 Shock                    Conj/Air       20%        1d4       14%         1
 Slow                     Hex            20%        N/A       14%         1
 Sting                    Tmut/Pois      20%        1d4       14%         1
 Summon Small Mammal      Summ           20%        N/A       14%         1
 Borgnjor's Vile Clutch   Necr/Erth      8%         N/A       21%         5
 Blink                    Tloc           10%        N/A       22%         2
 Poisonous Vapours        Pois/Air       10%        N/A       22%         2
 Static Discharge         Conj/Air       10%        2-3/arc   22%         2
 Leda's Liquefaction      Hex/Erth       6%         N/A       24%         4
 Petrify                  Tmut/Erth      12%        N/A       24%         4
 Agony                    Necr           15%        N/A       34%         5
 Call Canine Familiar     Summ           5%         N/A       38%         3
 Confusing Touch          Hex            5%         N/A       38%         3
 Gell's Gravitas          Tloc           5%         N/A       38%         3
 Inner Flame              Hex/Fire       5%         N/A       38%         3
 Mephitic Cloud           Conj/Pois/Air  5%         N/A       38%         3
 Portal Projectile        Hex/Tloc       10%        N/A       38%         3
 Spider Form              Tmut/Pois      5%         N/A       38%         3
 Summon Guardian Golem    Hex/Summ       5%         N/A       38%         3
 Teleport Other           Tloc           5%         N/A       38%         3
 Tukima's Dance           Hex            5%         N/A       38%         3
 Anguish                  Hex/Necr       5%         N/A       38%         4
 Metabolic Englaciation   Hex/Ice        5%         N/A       65%         5
 Airstrike                Air            2%         2d(1-17)  80%         4
 Cause Fear               Hex            2%         N/A       80%         4
 Flame Wave               Conj/Fire      5%         2d5       80%         4
 Manifold Assault         Tloc           5%         N/A       80%         4
 Olgreb's Toxic Radiance  Pois           5%         N/A       80%         4
 Sticky Flame             Conj/Fire      5%         2d3       80%         4
 Summon Lightning Spire   Summ/Air       5%         N/A       80%         4
 Death Channel            Necr           7%         N/A       88%         6
 Alistair's Intoxication  Tmut/Pois      3%         N/A       98%         5
 Blade Hands              Tmut           2%         N/A       98%         5
 Fireball                 Conj/Fire      2%         3d4       98%         5
 Irradiate                Conj/Tmut      2%         3d12      98%         5
 Summon Forest            Summ/Tloc      2%         N/A       98%         5
 Yara's Violent Unravell  Hex/Tmut       2%         3d3       98%         5
 Statue Form              Tmut/Erth      8%         N/A       98%         6
 Ozocubu's Refrigeration  Ice            8%         4d9       99%         7
 Dispersal                Tloc           2%         N/A       100%        6
 Eringya's Noxious Bog    Tmut/Pois      2%         N/A       100%        6
 Plasma Beam              Fire/Air       2%         2x1d14    100%        6
 Starburst                Conj/Fire      2%         6d3       100%        6
 Dragon Form              Tmut           2%         N/A       100%        7
 Enfeeble                 Hex            2%         N/A       100%        7
 Orb of Destruction       Conj           2%         9d5       100%        7
 Spellforged Servitor     Conj/Summ      2%         N/A       100%        7
 Storm Form               Tmut/Air       2%         N/A       100%        7
 Summon Hydra             Summ           2%         N/A       100%        7
 Disjunction              Tloc           2%         N/A       100%        8
 Infestation              Necr           7%         N/A       100%        8
 Lehudib's Crystal Spear  Conj/Erth      6%         10d3      100%        8
 Necromutation            Tmut/Necr      5%         N/A       100%        8
 Death's Door             Necr           7%         N/A       100%        9
 Animate Armour           Summ/Erth      Unusable   N/A       N/A         4

Dungeon Overview and Level Annotations

Branches:
Dungeon (15/15)            Temple (1/1) D:6            Lair (5/5) D:8
 Shoals (4/4) Lair:2        Snake (4/4) Lair:3        Slime (0/5) Lair:4
    Orc (2/2) D:10            Elf (3/3) Orc:2        Vaults (4/5) D:13
  Crypt (3/3) Vaults:2       Tomb (0/3) Crypt:3      Depths (4/4) D:15
    Zot (1/5) Depths:4      IceCv (visited)

Altars:
Ashenzari
Cheibriados
Dithmenos
Elyvilon
Fedhas
Gozag
Hepliaklqana
Kikubaaqudgha
Makhleb
Nemelex Xobeh
Okawaru
Ru
Sif Muna
Trog
Uskayaw
Vehumet
Wu Jian
Xom
Yredelemnul
Zin
The Shining One
Lugonu

Shops:
D:5 ((   Orc:1 [   Orc:2 =**!   Elf:2 [[   Shoals:2 *=   Snake:4 (:
Vaults:1 =

Portals:
Hell: Depths:1 Depths:2 Depths:3 Depths:4
Abyss: Depths:1 Depths:3
Pandemonium: Depths:2
Ziggurat: Depths:3
Bazaar: Vaults:2

Annotations:
Elf:2 3 runed translucent doors
Vaults:2 Non-timed Bazaar, acquire and chill.
Crypt:2 Later!, Khufu, Xtahua
Depths:1 get willring


Innate Abilities, Weirdness & Mutations

Your life essence is reduced to manifest your ancestor. (-10% HP)
You can breathe blasts of fire.
Your fiery red scales are hard. (AC +12)
You cannot fit into any form of body armour.
Your flesh is heat resistant. (rF+)
You are cold-blooded and may be slowed by cold attacks.
You passively map a small area around you.
Your muscles are strong. (Str +4, Int/Dex -1)


Message History

Unknown command.
Okay, then.
Okay, then.
Okay, then.
Cast which spell? (? or * to list)
Okay, then.
Okay, then.
Okay, then.
Unknown command.
As you read the scroll of fear, it crumbles to dust.
You assume a fearsome visage.
The green draconian monk is unaffected.
The yellow draconian looks frightened!
The green draconian monk is unaffected.
The moth of wrath looks frightened!
You feel sick.
You block the green draconian monk's attack.
The green draconian monk completely misses you.
The green draconian monk tail-slaps you!
* * * LOW HITPOINT WARNING * * *
You block the green draconian monk's attack.
The green draconian monk closely misses you.
The green draconian monk barely misses you. x2
The green draconian monk misses you.
The green draconian monk hits you but does no damage.
The green draconian monk kicks you.
* * * LOW HITPOINT WARNING * * *
The green draconian monk completely misses you.
The green draconian monk misses you.
Unknown command.
Okay, then.
You feel much better.
You feel sick.
You block the green draconian monk's attack.
The green draconian monk kicks you!
* * * LOW HITPOINT WARNING * * *
You block the green draconian monk's attack.
The green draconian monk completely misses you.
The green draconian monk hits you!!
* * * LOW HITPOINT WARNING * * *
The green draconian monk closely misses you.
You block the green draconian monk's attack.
The green draconian monk tail-slaps you!!
You die...

#.# #.# #.............
, 8 #.# #.#
#.............# ~ #.#
#.# #.............+
#.###.# #.............#
#.+.#.# #..........)..#
, #.#.#.#
#.............#
...†..####........y...#
##.##....'.[...qq.....#
#...##.###...d$.@.....#
, #.⌠.)..#
#............'. ,
....##.#
##############. ,
...###.# ...# #.# , , ,
..## #.# >.# #.# ..##
#.# , ...# #.# ~


You could see 2 draconians, a yellow draconian (fleeing, poisoned) and a moth of
wrath (fleeing).

Vanquished Creatures
  An ancient lich (Crypt:3)
  2 juggernauts
  Frederick (Vaults:3)
  Saint Roka (Depths:4)
  Vashnia (Snake:2)
  4 caustic shrikes (Depths:4)
  A golden dragon (Depths:4)
  Jory (Crypt:1)
  2 bone dragons
  The ghost of glosham the Earth Mage, an adept DsRe of Cheibriados (Elf:2)
  2 tentacled monstrosities (Zot:1)
  Rupert (D:14)
  A walking frostbound tome (Abyss:4)
  7 liches
  2 deep elf master archers (Elf:3)
  2 deep elf blademasters (Elf:3)
  A kraken (Shoals:4)
  3 quicksilver dragons
  4 ancient champions (Crypt:3)
  4 Executioners
  3 sphinxes
  6 tentacled starspawn
  Kirke (Shoals:4)
  A storm dragon (Zot:1)
  3 shadow dragons
  5 tengu reavers
  3 nagarajas (Snake:4)
  3 revenants
  A draconian monk (Depths:4)
  3 draconian knights
  8 fire giants
  2 draconian scorchers
  5 frost giants
  5 vault wardens
  4 deep elf sorcerers
  A balrug (Abyss:4)
  The ghost of tykejmi the Protected, a journeyman MiFi of Ashenzari (Depths:1)
  2 draconian shifters
  15 ironbound preservers
  2 deep elf elementalists (Elf:3)
  11 ghouls
  2 spriggan defenders
  A curse skull (Crypt:3)
  4 ironbound thunderhulks
  An orc warlord (Vaults:4)
  24 very ugly things
  2 cacodemons (Abyss:4)
  6 stone giants
  13 deep elf demonologists
  5 vampire knights
  4 black draconians
  5 deep elf annihilators (Elf:3)
  2 yellow draconians (Depths:4)
  9 dire elephants
  A white draconian (Depths:4)
  8 spark wasps
  4 eidola
  2 blizzard demons
  A crystal guardian (Vaults:2)
  5 ettins
  6 deep elf death magi
  8 fire dragons
  2 entropy weavers
  13 jiangshi
  A quicksilver dragon zombie (Depths:2)
  8 yaktaur captains
  6 merfolk impalers (Shoals:2)
  5 merfolk javelineers
  2 deep elf high priests (Elf:3)
  4 great orbs of eyes
  Josephine (Lair:3)
  2 rakshasas (Depths:2)
  7 ice dragons
  3 spriggan air magi
  2 vault guards (Vaults:4)
  6 hydras
  6 ironbound frosthearts
  The ghost of Madon the Severer, a journeyman MiBe of Trog (Lair:1)
  3 catoblepae
  2 peacekeepers (Vaults:2)
  5 merfolk avatars
  An ogre mage (D:13)
  3 alligator snapping turtles
  2 spriggan skeletons (Crypt:1)
  4 boulder beetles
  3 merfolk aquamancers (Shoals:4)
  5 centaur warriors
  4 death knights
  6 anacondas
  18 dancing weapons
  5 naga warriors
  9 death yaks
  5 deep troll shamans
  2 alligators (Snake:1)
  4 orc high priests (Orc:2)
  6 deep troll earth magi
  7 tengu warriors
  7 two-headed ogres
  2 satyrs (Shoals:2)
  2 hell hogs (Abyss:4)
  10 shock serpents
  A spectral dire elephant (Lair:5)
  13 naga sharpshooters
  18 thrashing horrors
  11 vampire magi
  4 sun demons
  A soul eater (Crypt:3)
  5 wretched stars
  8 deep elf knights
  A hell knight (Depths:3)
  5 iron trolls
  5 skysharks
  3 fire crabs (Lair:3)
  2 salamander mystics (Snake:4)
  A goliath frog (shapeshifter) (Depths:1)
  13 skeletal warriors
  2 spatial maelstroms (Abyss:3)
  32 deep trolls
  2 shadow wraiths
  3 goliath frogs (Snake:1)
  7 glowing orange brains
  7 sea snakes
  5 flayed ghosts
  An obsidian statue (Lair:5)
  4 naga ritualists
  4 bog bodies
  A death drake (shapeshifter) (Abyss:5)
  12 deep elf archers
  19 ironbound convokers
  4 starcursed masses
  A bunyip skeleton (Crypt:3)
  11 harpies
  7 wizards
  4 lindwurms
  Pikel (Temple)
  18 deep elf zephyrmancers
  11 phantasmal warriors
  27 ugly things
  8 necromancers
  27 deep elf pyromancers
  5 mana vipers
  5 orc sorcerers
  5 orc knights
  2 cyclopes (D:13)
  2 shining eyes (Abyss:4)
  2 worldbinders
  2 fauns (Shoals:1)
  A stone giant zombie (Crypt:1)
  10 manticores
  A draconian (Abyss:4)
  6 salamanders
  6 centaur zombies (D:11)
  An apocalypse crab (Abyss:4)
  An ice statue (IceCv)
  A moth of wrath (Zot:1)
  A guardian serpent (shapeshifter) (Depths:1)
  A rust devil (Depths:2)
  15 naga magi
  4 merfolk sirens
  3 demonic crawlers
  19 elephants
  36 large abominations
  11 vault sentinels
  6 water nymphs
  17 black mambas
  5 smoke demons
  8 cane toads
  An elephant slug zombie (Crypt:2)
  9 guardian serpents
  A death yak zombie (Crypt:3)
  4 centaur skeletons
  2 rime drakes
  6 freezing wraiths
  2 kobold demonologists (D:13)
  An unseen horror (D:12)
  Maggie (D:7)
  10 komodo dragons
  2 ice devils
  5 efreet (Abyss:4)
  A tengu conjurer (Depths:2)
  14 yaktaurs
  6 ancient zymes
  5 guardian mummies (Crypt:3)
  A red devil (Depths:2)
  2 hellwings
  A harpy zombie (Crypt:2)
  4 trolls
  Grinder (D:3)
  A death drake zombie (Crypt:3)
  9 merfolk
  A polar bear (Lair:4)
  A wolf spider simulacrum (D:15)
  4 wind drakes
  17 blink frogs
  Prince Ribbit (D:5)
  9 snapping turtles
  13 raiju
  6 dream sheep (Lair:5)
  A blink frog (shapeshifter) (Elf:1)
  A fire dragon zombie (Crypt:1)
  A spectral elephant (Lair:5)
  19 slime creatures
  4 flying skulls
  2 air elementals
  An ice dragon skeleton (Crypt:1)
  31 yaks
  Sigmund (D:2)
  A fire dragon skeleton (Crypt:2)
  4 hogs
  4 wyverns
  4 dire elephant simulacra
  4 vampires
  3 shadows (D:11)
  A yak (shapeshifter) (Abyss:4)
  2 basilisks (Lair:2)
  11 wraiths
  4 fire elementals
  17 water elementals
  4 chaos spawn
  4 golden eyes (Abyss:4)
  A steam dragon (D:8)
  7 vampire mosquitoes
  7 neqoxecs
  3 wargs
  Menkaure (D:7)
  2 spatial vortices
  4 death yak simulacra (IceCv)
  A harpy simulacrum (Crypt:1)
  2 acid dragons
  A demonspawn zombie (Crypt:3)
  4 hexers
  A hydra simulacrum (IceCv)
  A glowing shapeshifter zombie (Crypt:3)
  3 naga zombies
  36 nagas
  Duvessa (D:7)
  18 water moccasins
  A demonspawn skeleton (Crypt:1)
  A swamp drake (Lair:2)
  25 orc warriors
  A black bear (D:6)
  4 ice beasts
  An elephant zombie (Lair:5)
  16 wolves
  11 ogres
  3 boggarts (Vaults:1)
  11 centaurs
  3 lemures (Temple)
  3 phantoms
  5 kobold brigands
  4 necrophages
  2 scorpions
  11 bullfrogs
  3 cane toad simulacra
  3 two-headed ogre simulacra (IceCv)
  17 small abominations
  10 wights
  Dowan (D:7)
  2 elephant simulacra
  3 killer bees (D:10)
  5 howler monkeys
  7 electric eels
  A crimson imp (Abyss:3)
  2 quasits (Abyss:3)
  A bullfrog zombie (Crypt:1)
  5 hounds
  5 jellies
  15 orc priests
  2 gnoll boudas
  An iron imp (Abyss:4)
  Jessica (D:3)
  3 iguanas
  A black bear skeleton (Crypt:3)
  23 orc wizards
  5 hell rats (Lair:3)
  Natasha (twice) (D:2)
  4 spriggan simulacra (IceCv)
  3 polar bear simulacra (IceCv)
  7 troll simulacra (IceCv)
  2 wolf simulacra (IceCv)
  An ice beast zombie (Crypt:1)
  2 deep dwarf zombies
  A naga skeleton (Crypt:2)
  An ogre skeleton (Crypt:1)
  Robin (D:3)
  14 gnolls
  7 adders
  3 naga simulacra (IceCv)
  11 white imps
  8 ufetubi
  An iguana zombie (Crypt:3)
  2 worm zombies
  3 worms
  3 dart slugs
  59 orcs
  2 bats (D:1)
  3 endoplasms
  7 giant cockroaches
  9 goblins
  9 hobgoblins
  A jackal (D:4)
  7 quokkas
  9 ball pythons
  5 frilled lizards
  A frilled lizard skeleton (Crypt:2)
  A jackal skeleton (Crypt:1)
  17 kobolds
  10 rats
  2 lurking horrors
  3 starspawn tentacles
1706 creatures vanquished.

Vanquished Creatures (collateral kills)
  Sojobo (Vaults:2)
  A curse toe (Crypt:3)
  Nikola (Snake:2)
  A golden dragon (Depths:3)
  3 bone dragons (Abyss:4)
  A tentacled monstrosity (Depths:4)
  A quicksilver dragon (Zot:1)
  An ancient champion (Crypt:2)
  Polyphemus (Shoals:2)
  2 tentacled starspawn (Abyss:4)
  A storm dragon (Depths:4)
  Donald (Shoals:4)
  2 fire giants
  2 frost giants
  Aizul (Snake:1)
  A balrug (Depths:2)
  2 vault wardens
  An ironbound preserver (Vaults:3)
  A ghoul (Crypt:1)
  5 very ugly things
  The ghost of nms23 the Thaumaturge, a journeyman DsCj of Vehumet (Shoals:3)
  An ophan (Abyss:4)
  3 ironbound thunderhulks (Vaults:4)
  A green draconian (Depths:4)
  A deep elf annihilator (Elf:3)
  A black draconian (Zot:1)
  9 dire elephants
  A white draconian (Depths:4)
  4 deep elf death magi
  An eidolon (Crypt:2)
  A blizzard demon (Abyss:5)
  A mummy priest (Crypt:3)
  2 merfolk impalers
  2 ettins
  A fire dragon (Depths:2)
  2 great orbs of eyes
  A jiangshi (Crypt:1)
  An entropy weaver (Lair:3)
  3 yaktaur captains
  An ice dragon (Depths:4)
  A vault guard (Vaults:2)
  An ironbound frostheart (Vaults:3)
  A catoblepas (D:13)
  2 death knights
  A dancing weapon (Elf:2)
  3 anacondas
  2 two-headed ogres
  A death yak (Shoals:1)
  A naga warrior (Snake:4)
  A hell hog (Abyss:3)
  2 thrashing horrors
  3 naga sharpshooters
  2 deep elf knights
  A sun demon (Abyss:4)
  2 shock serpents
  A wretched star (Abyss:4)
  A fire crab (Lair:3)
  A spectral anaconda (Lair:5)
  A spatial maelstrom (Abyss:4)
  4 skeletal warriors (Crypt:3)
  4 sea snakes
  A storm dragon skeleton (Depths:2)
  4 deep trolls
  2 glowing orange brains
  A naga ritualist (Snake:4)
  2 deep elf archers (Elf:1)
  A bog body (IceCv)
  An orange crystal statue (D:11)
  A harpy (Depths:1)
  3 deep elf pyromancers
  A starcursed mass (Abyss:3)
  2 phantasmal warriors
  2 orc knights (Orc:2)
  3 deep elf zephyrmancers
  A fire giant zombie (Depths:2)
  A necromancer (Depths:2)
  An orc sorcerer (Orc:2)
  3 ugly things (D:15)
  A frost giant zombie (Depths:2)
  3 salamanders
  2 elephants
  A cyclops (D:11)
  3 manticores
  A merfolk siren (Shoals:4)
  4 naga magi (Snake:4)
  A black mamba (Snake:4)
  2 centaur zombies (D:11)
  A water nymph (Shoals:4)
  2 vault sentinels (Vaults:4)
  A guardian serpent (Snake:4)
  3 smoke demons (Abyss:5)
  3 centaur skeletons
  A cane toad (Lair:4)
  An unseen horror (D:12)
  5 yaktaurs
  A komodo dragon (Lair:1)
  A freezing wraith (Crypt:2)
  An ancient zyme (Abyss:4)
  A tengu conjurer (D:13)
  A guardian mummy (Crypt:3)
  A queen bee (shapeshifter) (Abyss:3)
  3 merfolk
  A harpy skeleton (Crypt:1)
  A polar bear (shapeshifter) (Abyss:3)
  A wind drake (Shoals:4)
  A tarantella (shapeshifter) (D:14)
  A dream sheep (Lair:5)
  8 raiju
  2 large abominations
  3 snapping turtles
  A culicivora (shapeshifter) (Elf:1)
  2 wraiths
  2 water elementals
  7 slime creatures
  2 vampires (D:11)
  A shadow (D:11)
  A fire elemental (Elf:1)
  4 yaks
  A steam dragon (D:9)
  2 vampire mosquitoes (Lair:2)
  A water moccasin (Lair:1)
  9 nagas
  3 orc warriors
  A swamp drake (Lair:2)
  3 wolves
  A centaur (D:14)
  2 earth elementals (Elf:1)
  2 killer bees (D:10)
  A hell rat (Lair:3)
  4 orc wizards
  A boggart skeleton (D:15)
  4 orcs
  3 kobolds
  A quokka skeleton (Crypt:2)
  A butterfly (Lair:3)
  A lurking horror (Abyss:4)
  A starspawn tentacle (Abyss:4)
258 creatures vanquished.

Vanquished Creatures (others)
  A fire giant (Depths:1)
  A merfolk impaler (Shoals:4)
  A hell hog (Abyss:4)
  A mana viper (Snake:4)
  2 deep elf zephyrmancers (D:13)
  A deep elf pyromancer (D:13)
  A large abomination (Abyss:4)
  A naga mage (Snake:2)
  A rime drake (shapeshifter) (Abyss:4)
  A raiju (Abyss:5)
  A human (Shoals:4)
  An electric eel (D:10)
  An orc priest (Orc:1)
  4 ancestors
  53 hexers
  An orc wizard (D:13)
  21 starspawn tentacles
  22 tentacles
115 creatures vanquished.

Grand Total: 2079 creatures vanquished

Notes
Turn   | Place    | Note
-------+----------+-------------------------------------------
     0 | D:1      | Amplified the Draconian Fighter began the quest for the
                  | Orb.
     0 | D:1      | Reached XP level 1. HP: 19/19 MP: 1/1
    55 | D:1      | Reached XP level 2. HP: 26/26 MP: 2/2
   157 | D:1      | Found a faded altar of an unknown god.
   874 | D:2      | Reached XP level 3. HP: 32/33 MP: 3/3
  1219 | D:2      | Noticed Natasha
  1226 | D:2      | Killed Natasha
  1227 | D:2      | Reached skill level 1 in Long Blades
  1227 | D:2      | Reached XP level 4. HP: 40/40 MP: 4/4
  1240 | D:2      | Noticed Sigmund
  1653 | D:3      | Noticed Grinder
  1674 | D:3      | Killed Grinder
  1675 | D:3      | Reached skill level 5 in Fighting
  1675 | D:3      | Reached XP level 5. HP: 28/48 MP: 5/5
  1675 | D:3      | Reached XP level 6. HP: 33/56 MP: 6/6
  1852 | D:3      | Noticed Jessica
  1865 | D:3      | Killed Jessica
  2003 | D:3      | Noticed Robin
  2041 | D:3      | Killed Robin
  2157 | D:3      | Found a shimmering altar of Xom.
  2170 | D:3      | Reached skill level 5 in Shields
  2707 | D:5      | Entered Level 5 of the Dungeon
  2707 | D:5      | Noticed a water moccasin
  2707 | D:5      | Found a transporter.
  2710 | D:4      | Found a white marble altar of Elyvilon.
  2710 | D:4      | Found a sacrificial altar of Ru.
  2710 | D:4      | Found an opulent altar of Gozag.
  2710 | D:4      | Found a snail-covered altar of Cheibriados.
  2893 | D:5      | Killed a water moccasin
  2894 | D:5      | Your scales start taking on a fiery red colour.
  2894 | D:5      | Reached XP level 7. HP: 53/62 MP: 7/7
  2894 | D:5      | Gained mutation: Your flesh is heat resistant. (rF+) [Red
                  | Draconian growth]
  2932 | D:5      | Identified the +4 scale mail "Ijiko" {rC+}
  3148 | D:5      | Found Laick's Weapon Boutique.
  3204 | D:5      | Found a burning altar of Makhleb.
  3205 | D:5      | Found a bloodstained altar of Trog.
  3205 | D:5      | Found a shadowy altar of Dithmenos.
  3210 | D:5      | Found a transporter.
  3290 | D:5      | Found a blossoming altar of Fedhas.
  3752 | D:4      | Reached XP level 8. HP: 71/71 MP: 8/8
  3776 | D:4      | Found a shimmering blue altar of Sif Muna.
  3881 | D:4      | Reached skill level 5 in Long Blades
  4399 | D:5      | Found Afoup's Weapon Shoppe.
  4484 | D:5      | Noticed Prince Ribbit
  4506 | D:5      | Killed Prince Ribbit
  4627 | D:2      | Noticed Natasha
  4640 | D:2      | Killed Natasha
  4641 | D:2      | Killed Sigmund
  4979 | D:6      | Found an ornate altar of the Wu Jian Council.
  5005 | D:6      | Found a staircase to the Ecumenical Temple.
  5011 | D:6      | Noticed Pikel
  5014 | Temple   | Entered the Ecumenical Temple
  5149 | Temple   | Killed Pikel
  5150 | Temple   | Reached XP level 9. HP: 64/83 MP: 9/9
  5865 | D:6      | Reached skill level 10 in Fighting
  6137 | D:7      | Noticed Menkaure
  6153 | D:7      | Killed Menkaure
  6416 | Temple   | Became a worshipper of Hepliaklqana the Forgotten
  6497 | D:7      | Noticed Maggie
  6663 | D:7      | Reached skill level 1 in Invocations
  6685 | D:7      | Killed Maggie
  6686 | D:7      | Reached XP level 10. HP: 89/94 MP: 9/11
  6806 | D:7      | Noticed Duvessa
  6806 | D:7      | Noticed Dowan
  6925 | D:7      | Killed Duvessa
  6926 | D:7      | Reached skill level 2 in Invocations
  6927 | D:7      | Killed Dowan
  7346 | D:8      | Found an ancient bone altar of Kikubaaqudgha.
  7370 | D:8      | Found a staircase to the Lair.
  7385 | D:8      | Reached skill level 3 in Invocations
  7880 | D:8      | Reached * piety under Hepliaklqana
  8473 | D:8      | Found a hide-covered altar of Uskayaw.
  8546 | D:9      | Found a basalt altar of Yredelemnul.
  8636 | D:9      | Reached skill level 4 in Invocations
  8759 | D:9      | Reached skill level 10 in Long Blades
  9261 | D:9      | Reached skill level 5 in Invocations
  9599 | D:10     | Entered Level 10 of the Dungeon
  9602 | D:10     | Reached XP level 11. HP: 93/93 MP: 14/14
  9738 | D:10     | Noticed a two-headed ogre
  9747 | D:10     | Killed a two-headed ogre
  9817 | D:10     | Reached skill level 5 in Dodging
 10068 | D:10     | Reached ** piety under Hepliaklqana
 10069 | D:10     | Remembered your ancestor Centenhua as a hexer
 10088 | D:10     | Found a staircase to the Orcish Mines.
 10140 | D:10     | Reached skill level 6 in Invocations
 10238 | D:10     | Noticed a two-headed ogre
 10245 | D:10     | Killed a two-headed ogre
 10732 | D:11     | Noticed an orange crystal statue
 11255 | D:11     | Noticed a two-headed ogre
 11259 | D:11     | Killed a two-headed ogre
 11260 | D:11     | Reached skill level 7 in Invocations
 11603 | D:11     | You fall into a shaft and drop 2 floors!
 11603 | D:13     | Found a frozen archway.
 11613 | IceCv    | Entered an ice cave
 12595 | IceCv    | Noticed a bog body
 12625 | IceCv    | Killed a bog body
 12626 | IceCv    | Reached XP level 12. HP: 103/103 MP: 17/17
 12694 | IceCv    | Got the Verses on the Tundra
 13005 | IceCv    | Reached skill level 8 in Invocations
 13028 | D:13     | Noticed a catoblepas
 13109 | D:11     | Noticed a two-headed ogre
 13117 | D:12     | Reached *** piety under Hepliaklqana
 13170 | D:11     | Killed a two-headed ogre
 13283 | D:11     | Noticed a two-headed ogre
 13296 | D:11     | Killed a two-headed ogre
 13875 | Lair:1   | Entered Level 1 of the Lair of Beasts
 14092 | Lair:1   | Found a transporter.
 14484 | Lair:1   | Found a transporter.
 14514 | Lair:1   | Noticed Madon's ghost (journeyman MiBe)
 14566 | Lair:1   | Found a sacrificial altar of Ru.
 14582 | Lair:1   | Reached skill level 9 in Invocations
 15042 | Lair:1   | Reached **** piety under Hepliaklqana
 15789 | Lair:2   | Reached ***** piety under Hepliaklqana
 15807 | Lair:2   | Reached XP level 13. HP: 96/111 MP: 20/20
 16307 | Lair:2   | Found a staircase to the Shoals.
 16534 | Lair:3   | Reached skill level 10 in Invocations
 16537 | Lair:3   | Identified the +1 dagger "Fuahipam" {spect, *Noise Will++
                  | rCorr}
 16586 | Lair:3   | Found a staircase to the Snake Pit.
 17102 | Lair:3   | Noticed Josephine
 17182 | Lair:3   | Killed Josephine
 17337 | Lair:3   | Found a runed translucent door.
 18153 | Lair:3   | Reached skill level 15 in Fighting
 18315 | Lair:3   | Reached skill level 11 in Invocations
 18435 | Orc:1    | Entered Level 1 of the Orcish Mines
 19316 | D:13     | Reached XP level 14. HP: 92/121 MP: 22/22
 20513 | Lair:4   | Reached skill level 10 in Dodging
 20784 | Lair:4   | Found a staircase to the Slime Pits.
 21349 | Lair:5   | Entered Level 5 of the Lair of Beasts
 21370 | Lair:5   | Reached skill level 12 in Invocations
 21410 | Lair:5   | Reached ****** piety under Hepliaklqana
 21860 | Lair:5   | Reached skill level 1 in Stealth
 22356 | Lair:5   | Reached skill level 1 in Spellcasting
 23423 | Lair:5   | Reached XP level 15. HP: 94/129 MP: 24/24
 24261 | Orc:1    | Paralysed by an orc sorcerer for 2 turns
 24431 | Orc:1    | Found Carruin's Antique Armour Boutique.
 24623 | Orc:2    | Entered Level 2 of the Orcish Mines
 24623 | Orc:2    | Found a staircase to the Elven Halls.
 24831 | Orc:2    | Reached skill level 13 in Invocations
 25909 | Orc:2    | Found Locur's Jewellery Boutique.
 25909 | Orc:2    | Found Xyq Ryrgh's Distillery.
 25913 | Orc:2    | Found Poxeluho's General Store.
 25913 | Orc:2    | Found Fejema's Assorted Antiques.
 25923 | Orc:2    | Bought a scroll labelled CUEZEYTEOB for 24 gold pieces
 26151 | Orc:2    | Bought a potion of curing for 72 gold pieces
 26151 | Orc:2    | Bought a scroll of magic mapping for 180 gold pieces
 26253 | Orc:2    | Bought an amulet of the acrobat for 420 gold pieces
 26258 | Orc:2    | Bought the ring of Wuojuink {EV+5 Str+5 Dex+4} for 866 gold
                  | pieces
 26258 | Orc:2    | Bought the ring "Diyts" {rElec rC+ MP+9} for 574 gold
                  | pieces
 26729 | D:13     | Identified the ring "Anaclec" {*Slow rElec rPois rF+++
                  | rCorr}
 27610 | D:13     | Reached skill level 5 in Spellcasting
 27739 | D:13     | Found a gate to the Vaults.
 28657 | D:14     | Noticed Rupert
 28691 | D:15     | Entered Level 15 of the Dungeon
 28715 | D:15     | Reached skill level 14 in Invocations
 28877 | D:15     | Got the Parchment of the Dusty Panacea
 29047 | D:15     | Identified a scroll of acquirement
 29048 | D:15     | Acquired the +2 hat "Kotoh" {rN+ Int+2}
 29214 | D:15     | Reached XP level 16. HP: 110/139 MP: 26/26
 29313 | D:15     | Found a staircase to the Depths.
 30305 | Snake:1  | Entered Level 1 of the Snake Pit
 30459 | Snake:1  | Found a flickering gateway to a bazaar.
 30513 | Snake:1  | Noticed Aizul
 30531 | Snake:1  | Killed Aizul
 30977 | Snake:1  | You fall into a shaft and drop 1 floor!
 31127 | Snake:2  | Found a hide-covered altar of Uskayaw.
 31128 | Snake:2  | Noticed Vashnia
 31210 | Snake:2  | Killed Vashnia
 31573 | Snake:2  | Identified the +6 dire flail of Irit {heavy, rC- Dex+9}
 31755 | Snake:2  | Identified the +0 chain mail of Gimer {Will++ rCorr Str-4
                  | SInv}
 32024 | Snake:2  | Reached skill level 15 in Invocations
 32729 | Snake:2  | Noticed Nikola
 32741 | Snake:2  | Killed Nikola
 34155 | Snake:4  | Entered Level 4 of the Snake Pit
 34821 | Snake:4  | HP: 1/143 [guardian serpent/bolt of poison (18)]
 35268 | Snake:4  | Found Imnugepp's Book Boutique.
 35273 | Snake:4  | Found Sophiz's Weapon Boutique.
 35849 | Snake:4  | Reached XP level 17. HP: 149/149 MP: 28/28
 36406 | Shoals:1 | Entered Level 1 of the Shoals
 36431 | Shoals:2 | Noticed Polyphemus
 36786 | Shoals:1 | Reached skill level 10 in Shields
 36865 | Shoals:2 | Killed Polyphemus
 36938 | Shoals:2 | Found Pifey's CLEARANCE SALE!.
 36953 | Shoals:2 | Bought a potion of curing for 12 gold pieces
 36953 | Shoals:2 | Bought a wand of iceblast (6) for 57 gold pieces
 36957 | Shoals:2 | Bought a book of Fire for 176 gold pieces
 37029 | Shoals:2 | Identified the +1 plate armour of Nifysivul {rPois rC+}
 37055 | Shoals:2 | Found Negutuj's Jewellery Boutique.
 37576 | Shoals:2 | Noticed a kraken
 37816 | Shoals:4 | Entered Level 4 of the Shoals
 37885 | Shoals:3 | Found a runed translucent gate.
 37885 | Shoals:3 | Found a runed translucent gate.
 37885 | Shoals:3 | Found a runed translucent gate.
 37886 | Shoals:3 | Noticed nms23's ghost (journeyman DsCj)
 37911 | Shoals:3 | Killed nms23's ghost
 38533 | Shoals:4 | Noticed Kirke
 38551 | Shoals:4 | Killed Kirke
 38784 | Shoals:4 | Identified the +0 halberd of Brutal Revenge {distort,
                  | +Blink Str+3}
 39062 | Shoals:4 | Noticed a kraken
 39685 | Shoals:4 | Noticed Donald
 39723 | Shoals:4 | Killed Donald
 40188 | Shoals:4 | Identified the staff of poison "Cucvuik" {Fragile rPois
                  | rC+++ Str+4 Dex-2}
 40492 | Shoals:4 | Got a barnacled rune of Zot
 40508 | Shoals:4 | Killed a kraken
 40908 | Shoals:1 | Identified the +6 chain mail "Zoidawk" {rF++ Dex+2}
 41153 | Lair:1   | Killed Madon's ghost
 41154 | Lair:1   | Reached XP level 18. HP: 121/155 MP: 29/29
 42157 | D:14     | Killed Rupert
 42158 | D:14     | Reached skill level 15 in Shields
 42207 | Vaults:1 | Entered Level 1 of the Vaults
 42208 | Vaults:1 | Found Qeid's Jewellery Shoppe.
 42226 | Vaults:1 | Bought the amulet "Ehiepp" {rPois Regen+} for 453 gold
                  | pieces
 42520 | Vaults:1 | Reached skill level 16 in Invocations
 42950 | Vaults:2 | Found a staircase to the Crypt.
 43165 | Crypt:1  | Entered Level 1 of the Crypt
 43746 | Crypt:2  | Noticed Xtahua
 43808 | Crypt:1  | Noticed Jory
 43987 | Crypt:1  | Reached skill level 17 in Invocations
 44528 | Vaults:2 | Noticed Sojobo
 44532 | Vaults:2 | Paralysed by an air elemental for 1 turns
 45006 | Vaults:1 | Reached skill level 15 in Long Blades
 45414 | Orc:2    | Bought a scroll of teleportation for 36 gold pieces
 45414 | Orc:2    | Bought a throwing net for 36 gold pieces
 45423 | Orc:2    | Bought a potion of curing for 39 gold pieces
 45423 | Orc:2    | Bought a potion of curing for 39 gold pieces
 45423 | Orc:2    | Bought a potion of haste for 130 gold pieces
 45423 | Orc:2    | Bought a potion of resistance for 130 gold pieces
 45423 | Orc:2    | Bought a potion of cancellation for 104 gold pieces
 45423 | Orc:2    | Bought a potion of cancellation for 104 gold pieces
 46845 | Snake:4  | Reached skill level 18 in Invocations
 46845 | Snake:4  | Reached XP level 19. HP: 145/164 MP: 9/32
 47214 | Snake:4  | Got a serpentine rune of Zot
 47385 | Snake:4  | Learned a level 3 spell: Ozocubu's Armour
 47655 | Elf:1    | Entered Level 1 of the Elven Halls
 47782 | Elf:1    | Identified the +1 war axe of Sudden Death {heavy, Str+2}
 48086 | Elf:1    | Reached skill level 1 in Ice Magic
 48812 | Elf:2    | Gained mutation: Your magical capacity is low. (-10% MP) [a
                  | neqoxec]
 48852 | Elf:1    | Lost mutation: Your magical capacity is low. (-10% MP)
                  | [potion of mutation]
 48852 | Elf:1    | Gained mutation: Your muscles are strong. (Str +4, Int/Dex
                  | -1) [potion of mutation]
 48852 | Elf:1    | Gained mutation: You passively map a small area around you.
                  | [potion of mutation]
 49355 | Vaults:1 | Learned a level 1 spell: Apportation
 49358 | Vaults:1 | Learned a level 2 spell: Passwall
 49995 | Vaults:2 | Found a gateway to a bazaar.
 50125 | Vaults:2 | Reached skill level 5 in Stealth
 50728 | Vaults:2 | Killed Sojobo
 51397 | Vaults:3 | Noticed Frederick
 51412 | Vaults:3 | Killed Frederick
 51551 | Vaults:3 | Reached skill level 19 in Invocations
 51802 | Vaults:3 | Reached XP level 20. HP: 148/173 MP: 25/33
 51948 | Vaults:3 | Acquired the ring "Diehaz" {rElec rPois rCorr}
 51950 | Vaults:3 | Acquired the +3 kite shield "Tunlaiss" {rPois SInv Stlth+}
 53051 | Vaults:4 | Reached skill level 5 in Ice Magic
 54743 | Crypt:1  | Killed Jory
 55608 | Crypt:2  | Noticed Khufu
 55616 | Crypt:2  | Noticed a royal mummy
 55875 | Crypt:3  | Entered Level 3 of the Crypt
 56187 | Crypt:3  | Reached XP level 21. HP: 181/181 MP: 28/34
 56593 | Crypt:3  | Reached skill level 20 in Invocations
 56790 | Crypt:3  | Identified the ring "Pasma" {rC+ rN+ MP-9 Str+8 Dex+3}
 56808 | Crypt:3  | Noticed a curse toe
 56813 | Crypt:3  | Killed a curse toe
 56816 | Crypt:3  | Reached skill level 10 in Spellcasting
 56941 | Crypt:3  | Found the dreamshard necklace {*Dream Drain}
 57081 | Crypt:3  | Identified the amulet "Vueneof" {rPois Regen+ Str+3}
 57083 | Crypt:3  | Noticed an ancient lich
 57098 | Crypt:3  | Killed an ancient lich
 57102 | Crypt:3  | Identified the +2 ring mail of the Dolphin {Rampage Str+5
                  | Dex-2 SInv}
 57110 | Crypt:3  | Got the Commentary on Shades
 57111 | Crypt:3  | Identified the +4 arbalest of Desperation {heavy, Will+}
 57281 | Crypt:3  | Found a staircase to the Tomb.
 57795 | Depths:1 | Entered Level 1 of the Depths
 58048 | Depths:1 | Learned a level 4 spell: Dispel Undead
 58270 | Depths:1 | Reached skill level 1 in Necromancy
 58606 | Depths:1 | Noticed tykejmi's ghost (journeyman MiFi)
 58608 | Depths:1 | Identified the amulet "Ijudog" {Faith Str+3 Int+2}
 58700 | Depths:1 | Found a runed translucent gate.
 58700 | Depths:1 | Found a runed translucent gate.
 58700 | Depths:1 | Found a runed translucent gate.
 58750 | Depths:1 | Noticed a golden dragon
 58818 | Depths:1 | Found a one-way gate to the infinite horrors of the Abyss.
 58818 | Depths:1 | Found a gateway to Hell.
 59223 | Depths:1 | Killed tykejmi's ghost
 59350 | Depths:1 | Identified the amulet of God Hoca {Faith rN+}
 59417 | Depths:1 | Identified the +0 leather armour of Tapivof {*Slow rPois
                  | rCorr SInv}
 59818 | Shoals:2 | Bought the ring of Tender Moments {rPois rF+++ Will+ Int-4
                  | Dex+6} for 952 gold pieces
 60017 | Abyss:3  | Cast into level 3 of the Abyss (a deep elf sorcerer)
 60018 | Abyss:3  | Found a corrupted altar of Lugonu.
 60076 | Abyss:3  | Found a corrupted altar of Lugonu.
 60121 | Elf:2    | Escaped the Abyss
 60181 | Elf:2    | Found Diavvao's Armour Boutique.
 60181 | Elf:2    | Found Erulathranu's Antique Armour Shop.
 60195 | Elf:2    | Bought an embroidered scarf for 312 gold pieces
 60223 | Elf:3    | Entered Level 3 of the Elven Halls
 60228 | Elf:3    | Found a huge runed gate.
 60228 | Elf:3    | Found a huge runed gate.
 60228 | Elf:3    | Found a huge runed gate.
 60228 | Elf:3    | Found a huge runed gate.
 60229 | Elf:3    | Found a huge runed gate.
 60229 | Elf:3    | Found a huge runed gate.
 60230 | Elf:3    | Found a huge runed gate.
 60230 | Elf:3    | Found a huge runed gate.
 60230 | Elf:3    | Found a huge runed gate.
 60230 | Elf:3    | Found a huge runed gate.
 60230 | Elf:3    | Found a huge runed gate.
 60231 | Elf:3    | Found a huge runed gate.
 60233 | Elf:3    | Found a huge runed gate.
 60234 | Elf:3    | Found a huge runed gate.
 60235 | Elf:3    | Found a huge runed gate.
 60243 | Elf:3    | Found a huge runed gate.
 60243 | Elf:3    | Found a huge runed gate.
 60243 | Elf:3    | Found a huge runed gate.
 60243 | Elf:3    | Found a huge runed gate.
 60243 | Elf:3    | Found a huge runed gate.
 60243 | Elf:3    | Found a huge runed gate.
 60244 | Elf:3    | Found a huge runed gate.
 60245 | Elf:3    | Found a huge runed gate.
 60247 | Elf:3    | Found a huge runed gate.
 60257 | Elf:3    | Found a huge runed gate.
 60257 | Elf:3    | Found a huge runed gate.
 60257 | Elf:3    | Found a huge runed gate.
 60257 | Elf:3    | Found a huge runed gate.
 60257 | Elf:3    | Found a huge runed gate.
 60258 | Elf:3    | Found a huge runed gate.
 60259 | Elf:3    | Found a huge runed gate.
 60260 | Elf:3    | Found a huge runed gate.
 60261 | Elf:3    | Found a huge runed gate.
 60269 | Elf:3    | Found a huge runed gate.
 60269 | Elf:3    | Found a huge runed gate.
 60269 | Elf:3    | Found a huge runed gate.
 60876 | Elf:3    | Identified the ring "Weteux" {rElec Will+ Dex+4}
 61067 | Elf:3    | Identified the ring "Oclaluv" {rPois Str+6 Dex+2}
 61080 | Elf:3    | Identified the +0 leather armour of the Lich-sworn {+Blink
                  | Fly rC++ Int-3}
 61110 | Elf:3    | Reached skill level 5 in Necromancy
 61150 | Elf:3    | Reached XP level 22. HP: 161/191 MP: 29/37
 61337 | Elf:3    | Found the amulet of Vitality {RegenMP++ Regen++}
 61340 | Elf:3    | Identified the staff of conjuration "Ytejua" {rN+ Will+
                  | Dex+3}
 61343 | Elf:3    | Identified the +1 robe of the Beloved God {rN++}
 61378 | Elf:3    | Identified the staff of cold "Juytu" {*Slow rF+ rC+ Dex+3}
 61381 | Elf:3    | Got Baonei's Spellbook of Force
 61384 | Elf:3    | Identified the +0 chain mail of Agoraphobia {Regen+}
 61386 | Elf:3    | Identified the staff of cold "Rainaal" {rC+ MP+9 SInv}
 61406 | Elf:3    | Identified the staff of death "Huozuvut" {rElec rN+ Dex+4}
 61694 | Abyss:3  | Cast into level 3 of the Abyss (a deep elf demonologist)
 61828 | Abyss:3  | Reached skill level 21 in Invocations
 62029 | Abyss:4  | Found a corrupted altar of Lugonu.
 62086 | Abyss:4  | Reached skill level 1 in Earth Magic
 62136 | Elf:3    | Escaped the Abyss
 62136 | Elf:3    | Paralysed by an air elemental for 1 turns
 62472 | Elf:2    | Found a runed translucent gate.
 62473 | Elf:2    | Found a runed translucent gate.
 62473 | Elf:2    | Found a runed translucent gate.
 62545 | Elf:2    | Found a runed translucent door.
 62546 | Elf:2    | Noticed glosham's ghost (adept DsRe)
 62775 | Elf:2    | Killed glosham's ghost
 63313 | Depths:2 | Noticed a juggernaut
 63329 | Depths:2 | Killed a juggernaut
 63571 | Depths:2 | Found a one-way gate leading to the halls of Pandemonium.
 64026 | Depths:3 | Reached skill level 5 in Earth Magic
 64187 | Depths:3 | Noticed a golden dragon
 64195 | Depths:3 | Killed a golden dragon
 64534 | Depths:3 | Reached skill level 22 in Invocations
 64624 | Depths:3 | Noticed a juggernaut
 64646 | Depths:3 | Killed a juggernaut
 64647 | Depths:3 | Reached XP level 23. HP: 199/199 MP: 31/40
 64657 | Depths:3 | Found a one-way gateway to a ziggurat.
 64994 | Depths:4 | Entered Level 4 of the Depths
 65124 | Depths:4 | Noticed a caustic shrike
 65126 | Depths:4 | Noticed a caustic shrike
 65127 | Depths:4 | Noticed a caustic shrike
 65128 | Depths:4 | Noticed a caustic shrike
 65135 | Depths:4 | Killed a caustic shrike
 65136 | Depths:4 | Killed a caustic shrike
 65140 | Depths:4 | Killed a caustic shrike
 65141 | Depths:4 | Killed a caustic shrike
 65553 | Depths:4 | Noticed Saint Roka
 65575 | Depths:4 | Killed Saint Roka
 65816 | Depths:4 | Found a gate to the Realm of Zot.
 66104 | Depths:3 | Voluntarily entered the Abyss.
 66416 | Abyss:4  | Found a transporter.
 66451 | Abyss:4  | Found a transporter.
 66454 | Abyss:4  | Reached skill level 23 in Invocations
 66686 | Abyss:4  | Found a corrupted altar of Lugonu.
 66881 | Abyss:4  | Found a corrupted altar of Lugonu.
 66887 | Abyss:4  | Reached skill level 24 in Invocations
 67010 | Abyss:5  | Reached XP level 24. HP: 163/208 MP: 31/40
 67093 | Abyss:5  | Reached skill level 25 in Invocations
 67101 | Abyss:5  | Got an abyssal rune of Zot
 67108 | Depths:3 | Escaped the Abyss
 67233 | Zot:1    | Entered Level 1 of the Realm of Zot
 67470 | Zot:1    | HP: 1/208 [green draconian monk[a purple draconian shifter]
                  | (35)]
 67470 | Zot:1    | Demolished by a green draconian monk

Illustrated notes

Levels and vault maps discovered:
D:1:      psy_arrival_basics, layout_loops_ring,
          hellmonk_ecumenical_altar_lost_god, minmay_distorted
D:2:      layout_basic, uniq_sigmund, uniq_natasha
D:3:      layout_basic, lemuel_round_altar, minmay_crystal_water,
          cheibrodos_gnoll_hut, uniq_grinder, uniq_robin, uniq_jessica
D:4:      minmay_recursive_quarters, layout_gridville, kennysheep_mini,
          general_overflow_altar, nicolae_overflow_hidden_temple
D:5:      gammafunk_steamed_eel, layout_rooms,
          chequers_temple_overflow_statue_of_worship,
          fedhas_bush_and_centaur_altar, serial_shops,
          nicolae_shop_real_fake_doors, nicolae_shop_hallway_stairs,
          uniq_prince_ribbit1
D:6:      layout_basic, nicolae_wu_jian_immortal_techniques,
          minmay_temple_entry_waves, serial_curves, eino_curves_01,
          eino_curves_04, eino_curves_04, serial_park_tiny_pond,
          minmay_starry_boxes, uniq_pikel, uniq_crazy_yiuf_cottage
D:7:      layout_cave_pools, supply_closet_lemuel, grunt_ministairs_2,
          uniq_maggie, uniq_duvessa, uniq_menkaure
D:8:      layout_basic, lemuel_coloured_pillars_altar,
          mainiacjoe_overflow_six_doors_small, lair_entry_dummy
D:9:      layout_roguey, mainiacjoe_overflow_catwalk, hex_intersection
D:10:     layout_cave_pools, orc_0_dummy, kennysheep_big_empty_room
D:11:     layout_loops_corners, serial_undead, serial_undead_d, serial_undead_b,
          serial_undead_b, serial_undead_c, serial_undead_f, serial_undead_e,
          serial_undead_b, serial_undead_e, minivault_16
D:12:     layout_roguey, dk_vineyard_2
D:13:     layout_long_grid, hangedman_vaults_entry_quadrant_bands,
          portal_ice_cave_entry_pillars_2, elves_outpost_lemuel
D:14:     layout_basic, uniq_rupert
D:15:     grunt_enter_depths_magical_seal, layout_loops_corners,
          hangedman_decor_diamond_cutter
Temple:   corrupted_temple
Lair:1:   layout_layer_cave, nzn_ghost_randoct, basic_altar,
          serial_bayou_shore_a
Lair:2:   layout_regular_city, minmay_shoals_entry_centaurs,
          gauntlet_entry_generic, fungi_pond_lemuel, pond
Lair:3:   gammafunk_mikee_crab_dinner, layout_regular_city,
          minmay_snake_entry_guardpost_small, lemuel_fruit_fields,
          uniq_josephine
Lair:4:   layout_regular_city, nicolae_slime_entry_field_trip
Lair:5:   due_jungle_book, layout_regular_city
Shoals:1: layout_shoals
Shoals:2: dreamdust_from_the_deep, layout_shoals, serial_shops, shop,
          nicolae_shop_clearance, uniq_polyphemus
Shoals:3: layout_shoals, ebering_ghost_rock_garden
Shoals:4: shoals_end_hangedman, layout_shoals, uniq_donald, uniq_kirke
Snake:1:  layout_onion, serial_shops, bzr_entry_islet,
          nicolae_snake_herptile_family_reunion, uniq_aizul
Snake:2:  layout_onion_interference, basic_altar, uniq_vashnia, uniq_nikola
Snake:3:  layout_cave_pods, nicolae_large_snake_swirl, nicolae_triple_integral
Snake:4:  johnstein_snake_rune_scales, layout_chambers,
          hangedman_snake_corridor_cut, minmay_shop_star, serial_bayou_shore_b,
          grunt_megastairs_5
Orc:1:    layout_caves, serial_shops, nicolae_shop_dealshenge, mines1_david
Orc:2:    grunt_orc_tribal_feast, layout_caves, kennysheep_orc_chapel
Elf:1:    layout_onion_city, evilmike_minifort, grunt_ministairs_1
Elf:2:    nicolae_elf_blades_crystal_corner, layout_rooms,
          ebering_ghost_inner_flame, serial_shops, nicolae_shop_dealshenge,
          shop, chequers_big_river
Elf:3:    elf_hall, layout_geoelf_grid, serial_sigils_hangedman_stare,
          amcnicky_mini_rare_corridor_liquid, door_vault
Vaults:1: nicolae_vaults_network_barrier, hangedman_vaults_pinch, v_misc_19,
          v_rooms_4, nicolae_vaults_offset_grid_hallway_4,
          nicolae_vaults_doubleplus_tesselated, hangedman_vaults_restitches,
          nicolae_vaults_border_crossing, nicolae_vaults_hallways_thing,
          ontoclasm_vaults_fault, layout_vaults_maze, serial_shops,
          nicolae_shop_window_shopping
Vaults:2: nicolae_vaults_know_your_exits, hangedman_vaults_slice,
          blue_anna_dwarven_crypt, nicolae_vaults_trapezoid_lopsided_3,
          vaults_room_large_hall, grunt_vaults_diagonal,
          nicolae_vaults_little_ls, ontoclasm_vaults_gateway,
          nicolae_vaults_sesquioval_fish, layout_vaults_omnigrid, serial_shops,
          bzr_entry_water, uniq_sojobo
Vaults:3: nicolae_vaults_frosty_reception, vaults_room_grid,
          nicolae_vaults_circle_grid_b, nicolae_vaults_quartermaster,
          v_alt_pattern_3, nicolae_vaults_variable_pillar_hall,
          nicolae_vaults_six-pack, nicolae_vaults_tetromino_T_2,
          nicolae_vaults_layer_cake_slice, v_rooms_3, nicolae_vaults_six-pack,
          vaults_dpeg_emergency_exit, nicolae_vaults_asterisk,
          layout_vaults_omnibox, uniq_margery, uniq_frederick
Vaults:4: hangedman_vaults_stagger, nicolae_vaults_shipping_containers_3,
          nicolae_vaults_asterisk, nicolae_vaults_little_squares_1,
          serial_ice_b, nicolae_vaults_sightless_eye, layout_vaults_big_room
Crypt:1:  layout_misc_corridors, grunt_crypt_arrival_webbed,
          roderic_lattice_octagonal_star, uniq_jory
Crypt:2:  layout_gridlike, uniq_josephina, uniq_xtahua, uniq_khufu, uniq_mennas
Crypt:3:  david_glass_crypt, layout_basic, tomb_entry_shell_bobbens,
          serial_sigils_hangedman_snap, nicolae_danse_macabre
Depths:1: layout_gridlike, hell_entry, abyss_entry, nrook_mini_backslash,
          gammafunk_ghost_split, hangedman_aviary
Depths:2: kennysheep_big_flooded_room, layout_cave_pools,
          chequers_serial_rivers_small_3, pf_vacation_house_of_asmodeus,
          grunt_pan_entry_in_and_out
Depths:3: minmay_polygon_palace, layout_basic, enter_ziggurat_b,
          abyss_entry_small_statue_room, pf_coc_iceberg
Depths:4: grunt_zot_entry_pinwheel, layout_gridlike, hangedman_decor_riveting,
          hell_entry, uniq_saint_roka
Zot:1:    gammafunk_sealed_library, layout_gridlike,
          hangedman_zot_decor_checkerboard, grunt_ministairs_13,
          st_large_dragon_hoard_1

Skill      XL: |  1  2  3  4  5  6  7  8  9 10 11 12 13 14 15 16 17 18 19 20 21 22 23 24 |
---------------+-------------------------------------------------------------------------+-----
Fighting       | 4 5 6 9 10 11 13 14 15 16 17 18 19 20 21 22 | 22.2
Long Blades    | 1 2 3 4 7 9 10 11 12 13 14 15 16 | 16.0
Shields        | 4 5 6 9 14 15 | 15.5
Invocations    | 1 5 7 9 11 12 14 15 18 19 20 22 24 25 | 25.4
Dodging        | 4 6 8 9 10 12 | 12.3
Stealth        | 3 4 6 8 9 |  9.8
Spellcasting   | 2 5 6 8 9 11 13 | 13.8
Ice Magic      | 4 6 7 |  7.2
Necromancy     | 5 |  5.9
Earth Magic    | 6 8 |  8.4
Axes           | |  2.6

Action                     |  1- 3 |  4- 6 |  7- 9 | 10-12 | 13-15 | 16-18 | 19-21 | 22-24 || total
---------------------------+-------+-------+-------+-------+-------+-------+-------+-------++-------
  Melee: War axe           |    75 |       |       |       |       |       |       |       ||    75
         Tailslap          |     8 |    15 |    38 |   105 |   298 |   343 |   376 |   250 ||  1433
         Demon blade       |    29 |   109 |   305 |   581 |  1289 |  1342 |   770 |       ||  4425
         Double sword      |       |       |       |       |       |   305 |   788 |  1050 ||  2143
  Throw: Throwing net      |       |       |       |       |     2 |     6 |     4 |     2 ||    14
   Cast: Ozocubu's Armour  |       |       |       |       |       |       |     2 |     3 ||     5
         Apportation       |       |       |       |       |       |       |     1 |     2 ||     3
         Passwall          |       |       |       |       |       |       |       |    12 ||    12
 Invoke: Ancestor Identity |       |       |       |     1 |       |       |       |       ||     1
         Recall Ancestor   |       |       |       |     2 |     2 |     9 |     8 |     8 ||    29
         Ancestor Life: He |       |       |       |     1 |       |       |       |       ||     1
         Idealise          |       |       |       |       |     3 |     7 |    10 |     5 ||    25
Ability: Breathe Fire      |       |       |     4 |    11 |     7 |    12 |     2 |     1 ||    37
  Evoke: Wand              |       |       |    13 |     9 |    14 |    11 |     8 |    15 ||    70
         Lightning rod     |       |       |       |       |     1 |     1 |       |       ||     2
         Phantom mirror    |       |       |       |       |       |       |     1 |       ||     1
    Use: Scroll            |     5 |     7 |     8 |    10 |    14 |    20 |    24 |    13 ||   101
         Potion            |       |     4 |     5 |     2 |     8 |    22 |    17 |    18 ||    76
   Stab: Sleeping          |       |       |     2 |     2 |     5 |     5 |    20 |     4 ||    38
         Distracted        |       |       |       |     9 |    23 |    36 |    21 |    23 ||   112
         Paralysed         |       |       |       |     4 |    39 |   102 |   101 |    53 ||   299
         Confused          |       |       |       |     8 |    31 |    21 |    67 |    59 ||   186
         Invisible         |       |       |       |       |     8 |     1 |       |     7 ||    16
         Held in net/web   |       |       |       |       |     1 |     4 |     5 |     2 ||    12
         Petrifying        |       |       |       |       |       |       |       |     1 ||     1
 Armour: Skin              |    37 |    34 |    76 |   103 |   234 |   284 |   260 |   176 ||  1204
  Dodge: Dodged            |    41 |    80 |   195 |   282 |   770 |  1107 |   588 |   678 ||  3741
         Repelled          |       |       |       |       |       |       |       |    16 ||    16
  Block: Buckler           |    28 |    46 |    77 |   127 |   277 |    10 |       |       ||   565
         Kite shield       |       |       |       |       |       |  1033 |   863 |   861 ||  2757
